 Dungeon Crawl Stone Soup version 0.21.0-3-g78d12a8bdd (webtiles) character file.

9410 GordonOverkill the Archer (level 11, -1/100 HPs)
             Began as a Tengu Hunter on Jan 14, 2018.
             Was a Believer of Ashenzari.
             Shot with an arrow by a centaur (8 damage)
             ... on level 11 of the Dungeon.
             The game lasted 00:35:24 (16666 turns).

GordonOverkill the Archer (Tengu Hunter)           Turns: 16666, Time: 00:35:24

Health: -1/100     AC: 25    Str: 16    XL:     11   Next: 46%
Magic:  12/12      EV:  2    Int: 12    God:    Ashenzari [**....]
Gold:   646        SH:  0    Dex: 14    Spells: 10/10 levels left

rFire    . . .     SeeInvis .   a - +1 shortbow
rCold    + . .     Gourm    +   (shield currently unavailable)
rNeg     + + +     Faith    .   (armour currently unavailable)
rPois    +         Spirit   .   (helmet currently unavailable)
rElec    .         Reflect  .   (cloak currently unavailable)
rCorr    .         Harm     .   (gloves currently unavailable)
MR       .....     NoTele   +   (boots unavailable)
Stlth    ++........             k - amulet of the gourmand
HPRegen  0.26/turn              p - +5 ring of slaying (curse)
MPRegen  0.13/turn              g - ring of protection from cold (curse)

@: tree-form, very slightly contaminated
A: able to fly 1
a: Fly, Curse Item, Scrying, Renounce Religion


You were on level 11 of the Dungeon.
You worshipped Ashenzari.
Ashenzari was pleased with you.
You were very full.
You were a tree.
You visited 1 branch of the dungeon, and saw 11 of its levels.

You collected 646 gold pieces.

Inventory:

Hand Weapons
 a - a +1 shortbow (weapon)
 b - a +0 dagger of venom
 B - a +1 antimagic dagger
 D - a +3 hand axe of chopping
Missiles
 i - 57 arrows (quivered)
 u - 21 tomahawks
Armour
 r - a +1 chain mail (melded)
Jewellery
 e - an uncursed ring of fire
 g - a cursed ring of protection from cold (right branch)
 k - an amulet of the gourmand (around neck)
 p - a cursed +5 ring of slaying (left branch)
Wands
 m - a wand of flame (26)
 z - a wand of polymorph (8)
Scrolls
 c - 3 scrolls of fog
 h - 2 scrolls of teleportation
 q - a scroll of magic mapping
 w - 3 scrolls of amnesia
 y - a scroll of enchant armour
 A - 7 scrolls of remove curse
 G - 3 scrolls of identify
Potions
 d - a potion of lignification
 j - 2 potions of cancellation
 l - a potion of degeneration
 s - a potion of brilliance {unknown}
 t - a potion of magic {unknown}
 v - a potion of might {unknown}
 x - a potion of agility {unknown}
 C - a potion of mutation {unknown}
 E - a potion of flight {unknown}
Comestibles
 f - 19 rations


   Skills:
 - Level 7.0 Fighting
 - Level 10.2 Short Blades
 - Level 14.0 Bows
 + Level 3.6 Armour
 - Level 3.0 Dodging
 - Level 1.0 Stealth


You had 10 spell levels left.
You didn't know any spells.

Dungeon Overview and Level Annotations

Branches:
Dungeon (11/15)            Temple (0/1) D:5            Lair (0/6) D:11
    Orc (0/2) D:9

Altars:
Ashenzari
Elyvilon
Fedhas
Hepliaklqana
Makhleb
Okawaru
Qazlal
Ru
Uskayaw
Vehumet
Wu Jian
Yredelemnul
Zin
The Shining One

Shops:
D:10 }::

Annotations:
D:4 topfpfpflanze's ghost, amateur CeIE


Innate Abilities, Weirdness & Mutations

((You have a beak for a mouth.))
((You have claws for feet.))
You can fly.


Message History

Firing (i - inventory. (,) - cycle):
i - 60 arrows (quivered)
Press: ? - help, Shift-Dir - straight line, f/p - centaur
Aim: a centaur, wielding a shortbow (almost dead)
You shoot an arrow. The arrow hits the centaur!
The centaur is heavily wounded.
The centaur shoots an arrow.
The arrow hits you but does no damage.
Firing (i - inventory. (,) - cycle):
i - 59 arrows (quivered)
Press: ? - help, Shift-Dir - straight line, f/p - centaur
Aim: a centaur, wielding a shortbow (almost dead)
You shoot an arrow. The arrow hits the centaur!
You kill the centaur!
The centaur shoots an arrow.
The arrow hits you but does no damage.
Firing (i - inventory. (,) - cycle):
i - 58 arrows (quivered)
Press: ? - help, Shift-Dir - straight line, f/p - centaur
Aim: a centaur, wielding a shortbow (almost dead)
You shoot an arrow.
The arrow hits the centaur but does no damage.
The centaur is almost dead.
The centaur shoots an arrow.
The arrow hits you!
You die...

* * #..#
..≈≈≈≈ ≈ * ,
#(.# *#...≈≈≈
,
#.)###....≈≈≈
≈ *
#c)†ShKK≈;≈≈.
#)#####.C≈≈≈h
, #.# *
.≈≈.≈,> ≈ #.#
,≈≈≈. , , *
#.# ≈≈h #♣#
hh #.# , ≈ *
#(# ≈ * #.# *
*, #(# , #(#
≈ , #(# * ≈ ,
* )#######.#
,, , ≈
((.....(.# ,,
,,


You could see a centaur.

Vanquished Creatures
  A hydra (D:11)
  A two-headed ogre (D:9)
  A manticore (D:11)
  A troll (D:10)
  2 hippogriffs
  Sigmund (D:3)
  5 yaks (D:9)
  A hungry ghost (D:10)
  3 water moccasins (D:10)
  4 orc warriors
  Purgy (D:4)
  5 ice beasts
  A sky beast (D:5)
  5 ogres
  2 wolves (D:11)
  6 centaurs
  2 phantoms
  4 big kobolds
  3 bullfrogs
  A gnoll sergeant (D:6)
  A water moccasin zombie (D:7)
  4 scorpions
  A water moccasin skeleton (D:10)
  A killer bee (D:11)
  9 wights
  4 howler monkeys
  6 crimson imps
  2 bullfrog zombies
  5 jellies
  A quasit (D:7)
  A centaur zombie (D:9)
  11 hounds
  2 centaur skeletons
  8 orc priests
  3 iguanas
  14 orc wizards
  5 worker ants
  A hound zombie (D:7)
  2 hound skeletons
  A howler monkey zombie (D:5)
  Robin (D:3)
  4 gnolls
  15 adders
  2 shadow imps
  7 oozes
  An adder skeleton (D:8)
  2 worms
  A dart slug (D:3)
  7 leopard geckos
  75 orcs
  8 bats
  3 giant cockroaches
  11 goblins
  11 hobgoblins
  7 jackals
  25 kobolds
  4 quokkas
  A ball python (D:9)
  3 frilled lizards
  2 leopard gecko zombies (D:5)
  A quokka skeleton (D:5)
  8 rats
  A fungus (D:5)
332 creatures vanquished.

Notes
Turn   | Place    | Note
-------+----------+-------------------------------------------
     0 | D:1      | GordonOverkill the Tengu Hunter began the quest for the Orb.
     0 | D:1      | Reached XP level 1. HP: 12/12 MP: 2/2
   229 | D:1      | Reached XP level 2. HP: 12/17 MP: 3/3
  1030 | D:2      | Reached XP level 3. HP: 22/22 MP: 4/4
  1043 | D:2      | Found a stormy altar of Qazlal.
  1055 | D:2      | Reached skill level 5 in Bows
  1075 | D:2      | Found a faded altar of an unknown god.
  1090 | D:2      | Became a worshipper of Ashenzari the Shackled
  1090 | D:2      | Reached * piety under Ashenzari
  1250 | D:2      | Reached XP level 4. HP: 24/27 MP: 5/5
  1423 | D:2      | Found a basalt altar of Yredelemnul.
  1716 | D:2      | Gained mutation: You can fly. [Tengu growth]
  1716 | D:2      | Reached XP level 5. HP: 26/32 MP: 6/6
  1946 | D:2      | Reached skill level 6 in Bows
  1991 | D:3      | Noticed Sigmund
  2011 | D:3      | Killed Sigmund
  2011 | D:3      | Reached skill level 7 in Bows
  2011 | D:3      | Reached XP level 6. HP: 18/37 MP: 7/7
  3141 | D:4      | Reached skill level 8 in Bows
  3462 | D:4      | Noticed Purgy
  3500 | D:4      | Killed Purgy
  3500 | D:4      | Reached XP level 7. HP: 35/41 MP: 8/8
  3578 | D:4      | Noticed topfpfpflanze's ghost (amateur CeIE)
  3999 | D:3      | Reached skill level 9 in Bows
  4889 | D:4      | Noticed Robin
  5030 | D:3      | Killed Robin
  5543 | D:4      | Reached skill level 10 in Bows
  5543 | D:4      | Reached XP level 8. HP: 43/46 MP: 9/9
  5699 | D:4      | Found a hazy altar of Hepliaklqana.
  6413 | D:5      | Entered Level 5 of the Dungeon
  6530 | D:5      | Found a staircase to the Ecumenical Temple.
  6564 | D:5      | Found a blossoming altar of Fedhas.
  6857 | D:5      | Reached skill level 11 in Bows
  6905 | D:5      | Reached skill level 1 in Armour
  7843 | D:6      | Found an ornate altar of the Wu Jian Council.
  7947 | D:6      | Reached XP level 9. HP: 47/50 MP: 10/10
  8088 | D:6      | HP: 2/50 [centaur/arrow (10)]
  8522 | D:6      | Found a shattered altar of Ashenzari.
  8526 | D:6      | Saw a vision of the Swamp and the Snake Pit.
  8526 | D:6      | Noticed an alligator
  8526 | D:6      | Noticed an alligator
  8526 | D:6      | Noticed a shock serpent
  8526 | D:6      | Noticed an alligator
  8526 | D:6      | Noticed a naga sharpshooter
  8526 | D:6      | Noticed an alligator
  8526 | D:6      | Noticed a salamander
  8526 | D:6      | Noticed a naga warrior
  8526 | D:6      | Noticed a black mamba
  8530 | D:6      | Noticed a naga sharpshooter
  8579 | D:6      | Reached ** piety under Ashenzari
  8615 | D:5      | Reached skill level 12 in Bows
  8722 | D:6      | Found a shattered altar of Ashenzari.
  9112 | D:6      | Found a radiant altar of Vehumet.
  9113 | D:6      | Found a sacrificial altar of Ru.
  9735 | D:6      | Reached skill level 13 in Bows
 10417 | D:7      | Reached skill level 14 in Bows
 10498 | D:7      | Reached XP level 10. HP: 46/56 MP: 11/11
 10924 | D:7      | Found a white marble altar of Elyvilon.
 10972 | D:7      | Reached skill level 5 in Fighting
 11435 | D:8      | Reached skill level 1 in Short Blades
 11862 | D:8      | Found a glowing silver altar of Zin.
 12123 | D:8      | Found a burning altar of Makhleb.
 12127 | D:8      | Found an iron altar of Okawaru.
 12131 | D:8      | Found a hide-covered altar of Uskayaw.
 13097 | D:9      | Noticed a two-headed ogre
 13424 | D:9      | Found a staircase to the Orcish Mines.
 13974 | D:9      | Killed a two-headed ogre
 14124 | D:9      | Found a glowing golden altar of the Shining One.
 14211 | D:9      | Reached skill level 5 in Short Blades
 14854 | D:10     | Entered Level 10 of the Dungeon
 14864 | D:10     | Found Towaciz's Gadget Shoppe.
 14870 | D:10     | Reached XP level 11. HP: 64/67 MP: 12/12
 15145 | D:10     | Found Fierchea's Book Boutique.
 15955 | D:10     | Found Vidacoz's Book Emporium.
 16432 | D:11     | Noticed a manticore
 16450 | D:11     | Killed a manticore
 16463 | D:11     | Noticed a cyclops
 16619 | D:11     | Noticed an eight-headed hydra
 16639 | D:11     | Killed an eight-headed hydra
 16639 | D:11     | Reached skill level 10 in Short Blades
 16666 | D:11     | Shot with an arrow by a centaur

Skill      XL: |  1  2  3  4  5  6  7  8  9 10 11 |
---------------+----------------------------------+-----
Bows           | 5 7 8 10 11 14 | 14.0
Dodging        | 3 |  3.0
Fighting       | 3 7 |  7.0
Armour         | 3 |  3.6
Short Blades   | 7 10 | 10.2
Stealth        | |  1.0

Action                   |  1- 3 |  4- 6 |  7- 9 | 10-12 || total
-------------------------+-------+-------+-------+-------++-------
Melee: Short sword       |    16 |       |       |       ||    16
       Kick              |     8 |    21 |   114 |   112 ||   255
       Peck              |     2 |    14 |    63 |    81 ||   160
       Dagger            |     7 |    74 |   240 |   324 ||   645
       Hand axe          |       |       |   149 |    60 ||   209
 Fire: Shortbow          |    75 |   104 |    51 |    78 ||   308
Throw: Tomahawk          |       |       |     5 |     4 ||     9
Invok: Curse Item        |       |       |       |     2 ||     2
Evoke: Wand              |       |       |       |     3 ||     3
  Use: Potion            |       |     3 |       |     5 ||     8
       Scroll            |       |       |    13 |     7 ||    20
  Eat: Chunk             |     2 |     6 |    29 |    27 ||    64
       Ration            |     1 |       |     1 |       ||     2
Armor: Ring mail         |     7 |       |       |       ||     7
       Scale mail        |    14 |    56 |    57 |       ||   127
       Chain mail        |       |       |   129 |   188 ||   317
       Skin              |       |       |       |    11 ||    11
Dodge: Dodged            |    29 |    79 |   144 |   156 ||   408
